 Dungeon Crawl Stone Soup version 0.22-a0-354-g30dfbe6 (webtiles) character file.

189 4thArraOfDagon the Firebug (level 5, -3/31 HPs)
             Began as an Octopode Fire Elementalist on Apr 16, 2018.
             Slain by Grinder (8 damage)
             ... while paralysed by Grinder
             ... on level 5 of the Dungeon.
             The game lasted 00:04:00 (716 turns).

4thArraOfDagon the Firebug (OpFE)                    Turns: 716, Time: 00:04:00

Health: -3/31      AC:  5    Str:  5    XL:     5   Next: 68%
Magic:  5/9        EV:  2    Int: 18    God:
Gold:   41         SH:  0    Dex: 12    Spells: 1/9 levels left

rFire    . . .     SeeInvis .   e - +2 mace of Karma {distort, rC+}
rCold    + + .     Gourm    .   (no shield)
rNeg     . . .     Faith    +   (helmet restricted)
rPois    .         Spirit   .   f - amulet of faith
rElec    .         Reflect  .   d - -3 ring of strength (curse)
rCorr    .         Harm     .   g - ring of protection from cold
MR       .....                  a - +4 ring of protection
Stlth    +++.......             (no ring)
HPRegen  0.10/turn              (no ring)
MPRegen  0.11/turn              (no ring)
                                (no ring)
                                (no ring)

@: paralysed
A: almost no armour, stealthy swim, amphibious, 8 rings, constrict 8, camouflage
1, gelatinous body 1
a: no special abilities


You were on level 5 of the Dungeon.
You were not hungry.

You visited 1 branch of the dungeon, and saw 6 of its levels.

You collected 111 gold pieces.
You spent 70 gold pieces at shops.

Inventory:

Hand Weapons
 e - the +2 mace of Karma (weapon) {distort, rC+}
   (You found it on level 5 of the Dungeon)

   It warps and distorts space around it.
   Unwielding it can cause banishment or high damage.
   It protects you from cold.
Jewellery
 a - a +4 ring of protection (on tentacle)
 d - a cursed -3 ring of strength (left tentacle)
 f - an amulet of faith (around mantle)
 g - a ring of protection from cold (right tentacle)
Potions
 c - a potion of heal wounds
 h - a potion of brilliance {unknown}
Comestibles
 b - 5 rations


   Skills:
 - Level 2.0 Dodging
 - Level 2.6 Stealth
 + Level 2.9 Spellcasting
 * Level 3.4 Conjurations
 * Level 4.5 Fire Magic


You had one spell level left.
You knew the following spells:

 Your Spells              Type           Power        Failure   Level  Hunger
a - Flame Tongue          Conj/Fire      ###..        3%          1    None
b - Conjure Flame         Conj/Fire      ###.....     10%         3    ###....
c - Sticky Flame          Conj/Fire      ###.....     32%         4    ####...


Dungeon Overview and Level Annotations

Branches:
Dungeon (6/15)
 Temple: D:4-7

Altars:

Shops:
D:5 *

Annotations:
D:3 Natasha
D:4 4thArraOfDagon's ghost, weakling OpFE
D:5 Grinder


Innate Abilities, Weirdness & Mutations

You cannot wear most types of armour.
You are very stealthy in the water. (Stealth+)
You are amphibious.
You can wear up to eight rings at the same time.
You can use your tentacles to constrict eight enemies at once.
Your skin changes colour to match your surroundings (Stealth+).
Your rubbery body absorbs attacks. (AC +1, EV +1)


Message History

Casting: Flame Tongue (safe; 3% risk of failure)
Confirm with . or Enter, or press ? or * to list all spells.
Aiming: Sticky Flame (quite dangerous; 32% risk of failure)
Press: ? - help, Shift-Dir - straight line, f - Grinder
Aim: Grinder The sticky flame hits Grinder.
Grinder is lightly wounded.
Grinder is covered in liquid flames!
Grinder burns!
Grinder gestures at you.
You suddenly lose the ability to move!
Grinder burns!
Grinder hits you!
You writhe in agony.
Grinder burns!
Grinder gestures at you. Pain shoots through your body!
Grinder burns!
Grinder hits you!
* * * LOW HITPOINT WARNING * * *
Grinder burns!
Grinder stops burning.
Grinder says, "I used to sell toenails on the black market."
Grinder hits you!
You die...

#....#..+.....#.....#
#....#..#.....#.....#
#....#..###'###.....#
'....#..#...........#
#....#..#...........#
#....#..'......##+###
.....#..#.5....#...#
.....# #......#...#
.....# #......#@..#
.....# #......#5..#
.....# #......'...#
.....# #......#####
#....... #.......
#........ #........
#.........


You could see Grinder.

Vanquished Creatures
  A water moccasin zombie (D:6)
  4 adders
  An orc (D:3)
  3 bats
  A giant cockroach (D:3)
  2 goblins
  A hobgoblin (D:3)
  5 jackals
  2 frilled lizards
  2 rats
22 creatures vanquished.

Vanquished Creatures (others)
  An ogre (D:6)
1 creature vanquished.

Grand Total: 23 creatures vanquished

Notes
Turn   | Place    | Note
-------+----------+-------------------------------------------
     0 | D:1      | 4thArraOfDagon the Octopode Fire Elementalist began the quest for the Orb.
     0 | D:1      | Reached XP level 1. HP: 11/11 MP: 3/3
   119 | D:2      | Reached XP level 2. HP: 16/17 MP: 0/5
   207 | D:3      | Noticed Natasha
   333 | D:3      | Reached XP level 3. HP: 15/21 MP: 3/6
   411 | D:4      | Learned a level 3 spell: Conjure Flame
   417 | D:4      | Noticed a scorpion
   477 | D:4      | Noticed 4thArraOfDagon's ghost (weakling OpFE)
   491 | D:5      | Entered Level 5 of the Dungeon
   525 | D:5      | Found Woqy's General Store.
   534 | D:5      | Bought a potion of heal wounds for 70 gold pieces
   549 | D:5      | Noticed a necrophage
   564 | D:5      | Got a steaming mace
   565 | D:5      | Identified the +2 mace of Karma {distort, rC+} (You found it on level 5 of the Dungeon)
   582 | D:6      | Noticed an ogre
   597 | D:6      | Reached skill level 4 in Fire Magic
   597 | D:6      | Reached XP level 4. HP: 24/27 MP: 1/7
   611 | D:6      | Banished an ogre
   611 | D:6      | Reached XP level 5. HP: 24/31 MP: 0/9
   682 | D:5      | Noticed Grinder
   690 | D:5      | Learned a level 4 spell: Sticky Flame
   712 | D:5      | Paralysed by Grinder for 6 turns
   716 | D:5      | Slain by Grinder

Vault maps used:
D:1:      minmay_arrival_pointy, st_stairs_7
D:2:      lemuel_doored_altar, uniq_terence, uniq_sigmund
D:3:      first_ration, uniq_natasha, uniq_jessica
D:4:      grunt_dithmenos_shadows
D:5:      serial_shops, nicolae_shop_waterfront, cheibrodos_sewer_entry_bend,
          glass_columns_a, serial_bayou_pond_e, uniq_edmund, uniq_eustachio,
          uniq_grinder
D:6:      nrook_pool_corridor

Skill      XL: |  1  2  3  4 |
---------------+-------------+-----
Conjurations   | 2 3 |  3.4
Fire Magic     | 4 |  4.5
Dodging        | |  2.0
Stealth        | |  2.6
Spellcasting   | |  2.9

Action                   |  1- 3 |  4- 6 || total
-------------------------+-------+-------++-------
Melee: Unarmed           |    30 |       ||    30
       Constrict         |    12 |       ||    12
       Tentacles         |     4 |       ||     4
       Mace              |     7 |     4 ||    11
 Cast: Flame Tongue      |    30 |     2 ||    32
       Conjure Flame     |     2 |       ||     2
       Sticky Flame      |       |     1 ||     1
  Use: Potion            |     3 |       ||     3
       Scroll            |     2 |       ||     2
 Stab: Sleeping          |       |     1 ||     1
Armor: Skin              |     2 |     1 ||     3
Dodge: Dodged            |    26 |     1 ||    27

Table legend:
 A = Spawn XP
 B = Non-spawn XP
 C = Spawn XP percentage of total XP
 D = Spawn monster count
 E = Non-spawn monster count
 F = Spawn count percentage of total count
 G = Total turns spent on level
                    A         B        C        D         E        F      G
               +---------+---------+-------+---------+---------+-------+---------
         Total |       0 |     270 |   0.0 |       0 |      23 |   0.0 |   716
               +---------+---------+-------+---------+---------+-------+---------
           D:1 |       0 |       4 |   0.0 |       0 |       3 |   0.0 |    67
           D:2 |       0 |       6 |   0.0 |       0 |       3 |   0.0 |    83
           D:3 |       0 |      43 |   0.0 |       0 |      11 |   0.0 |   280
           D:4 |       0 |      14 |   0.0 |       0 |       2 |   0.0 |    68
           D:5 |       0 |       1 |   0.0 |       0 |       1 |   0.0 |   171
           D:6 |       0 |     202 |   0.0 |       0 |       3 |   0.0 |    47
               +---------+---------+-------+---------+---------+-------+---------
